 Dungeon Crawl Stone Soup version 0.31-a0-182-gc5ef74bbde (webtiles) character file.

Game seed: 1031750197157817375

137 Midn8 the Shooter (level 5, -2/33 HPs)
             Began as an Octopode Hexslinger on June 21, 2023.
             Slain by a hobgoblin (6 damage)
             ... on level 3 of the Dungeon.
             The game lasted 00:06:48 (2225 turns).

Midn8 the Shooter (Octopode Hexslinger)             Turns: 2225, Time: 00:06:49

Health: -2/33      AC:  1    Str:  8    XL:     5   Next: 20%
Magic:  9/9        EV: 13    Int: 17    God:
Gold:   196        SH:  0    Dex: 14    Spells: 9/10 levels left

rFire   . . .        a - +2 sling
rCold   . . .        (no shield)
rNeg    . . .        (helmet restricted)
rPois   .            (no amulet)
rElec   .            (no ring)
rCorr   .            (no ring)
SInv    .            (no ring)
Will    .....        (no ring)
Stlth   ++           (no ring)
HPRegen 0.25/turn    (no ring)
MPRegen 0.11/turn    (no ring)
                     (no ring)

%: no passive effects
@: no status effects
A: almost no armour, amphibious, 8 rings, camouflage 1, gelatinous body 1,
(nimble swimmer 1), tentacles
a: no special abilities


You were on level 3 of the Dungeon.
You visited 1 branch of the dungeon, and saw 4 of its levels.

You collected 196 gold pieces.

Inventory:

Hand Weapons
 a - a +2 sling (weapon)
 e - a +0 dagger
Missiles
 f - 3 poisoned darts
 h - 4 curare-tipped darts
Wands
 k - a wand of flame (9)
Scrolls
 l - a scroll of immolation
Potions
 c - a potion of might {unknown}
 d - a potion of ambrosia
 g - a potion of resistance
 i - a potion of lignification
 j - a potion of haste
 m - a potion of experience {unknown}
 n - a potion of berserk rage {unknown}


   Skills:
 - Level 1.0 Fighting
 + Level 4.1 Ranged Weapons
 - Level 2.0 Dodging
 - Level 3.0 Spellcasting
 - Level 3.0 Hexes


You had 9 spell levels left.
You knew the following spells:

 Your Spells              Type           Power      Damage    Failure   Level
a - Slow                  Hex            48%        N/A       4%          1

Your spell library contained the following spells:

 Spells                   Type           Power      Damage    Failure   Level
 Inner Flame              Hex/Fire       7%         N/A       28%         3
 Portal Projectile        Hex/Tloc       14%        N/A       28%         3
 Cause Fear               Hex            6%         N/A       45%         4


Dungeon Overview and Level Annotations

Branches:
Dungeon (4/15)
 Temple: D:4-7

Altars:

Annotations:
D:3 Ijyb, Robin


Innate Abilities, Weirdness & Mutations

You cannot wear most types of armour.
You are amphibious.
You can wear up to eight rings at the same time.
Your skin changes colour to match your surroundings (Stealth+).
Your rubbery body absorbs attacks. (AC +1, EV +1)
((You are camouflaged when in or above water. (Stealth+)))
You have tentacles for arms and can constrict up to eight enemies at once.


Message History

You shoot a sling bullet.
The sling bullet closely misses the goblin.
Ijyb shouts!
The hobgoblin shouts!
You feel sick. The adder closely misses you.
The goblin hits you but does no damage. The adder bites you.
The hobgoblin attacks as you move away! The hobgoblin hits you.
You feel sick.
You are no longer poisoned.
You shoot a sling bullet. The sling bullet hits the goblin.
You kill the goblin!
The adder misses you.
Robin roars a battlecry!
The goblins go into a battle-frenzy!
The hobgoblin closely misses you. The adder bites you.
You are poisoned.
The adder poisons you!
You hear an angry hiss.
The hobgoblin attacks as you move away! The hobgoblin hits you.
You feel sick.
You see here a +0 club.
You feel sick.
You feel sick.
A frilled lizard comes into view.
You are too injured to fight recklessly!
You are too injured to fight recklessly!
Okay, then.
The hobgoblin attacks as you move away! The hobgoblin hits you.
* * * LOW HITPOINT WARNING * * *
You feel sick.
You are no longer poisoned.
The frilled lizard misses you.
Really read the scroll of poison?
The air fills with toxic fumes!
As you read the scroll of poison, it crumbles to dust.
The hobgoblin barely misses you. The frilled lizard closely misses you.
Unknown command.
As you read the scroll labelled AFAINT ISHU, it crumbles to dust.
The creatures around you are filled with an inner flame!
It was a scroll of immolation.
The frilled lizard closely misses you. The hobgoblin barely misses you.
The hobgoblin hits you.
You die...

......# #... .....#
#... ##### #.#..#####
#... ###§§§§ g.......#
#... §§§§§g #.g.....#
#... ###§§§§ #.......#
#... §§§§§§§
#...§...######
#§§§§l####g§§§......#
#§§§§§@g§gS§§§......#
§§§#§######§§§§......#
#...§......#
#........$.#
#........).#
#..........#
#..........#
#....:.....#
#..........#


You could see Ijyb (inner flame, strong), Robin (inner flame), an adder (inner
flame), 2 hobgoblins and a frilled lizard (inner flame).

Vanquished Creatures
  A hound (D:3)
  Terence (D:2)
  3 adders
  2 worms (D:3)
  2 dart slugs
  5 ball pythons
  4 endoplasms
  2 giant cockroaches (D:1)
  6 goblins
  5 hobgoblins
  2 quokkas
  2 bats
  4 frilled lizards
  2 kobolds (D:2)
  4 rats
45 creatures vanquished.

Notes
Turn   | Place    | Note
-------+----------+-------------------------------------------
     0 | D:1      | Midn8 the Octopode Hexslinger began the quest for the Orb.
     0 | D:1      | Reached XP level 1. HP: 13/13 MP: 2/2
   150 | D:1      | Reached XP level 2. HP: 18/18 MP: 1/3
   237 | D:1      | Reached skill level 3 in Ranged Weapons
   937 | D:2      | Reached XP level 3. HP: 23/23 MP: 4/4
  1060 | D:2      | Noticed Terence
  1119 | D:2      | Killed Terence
  1120 | D:2      | Reached skill level 4 in Ranged Weapons
  1120 | D:2      | Reached XP level 4. HP: 17/28 MP: 3/6
  2015 | D:3      | Reached XP level 5. HP: 25/33 MP: 5/9
  2213 | D:3      | Noticed Robin
  2215 | D:3      | Noticed Ijyb
  2225 | D:3      | Slain by a hobgoblin

Illustrated notes

Levels and vault maps discovered:
D:1:      lemuel_arrival_room, layout_basic, minivault_5, chequers_jeans,
          dk_noncrumbling_4, minmay_misc_feat_rows
D:2:      layout_basic, uniq_terence
D:3:      layout_basic, nicolae_goblin_pals
D:4:      layout_basic, minmay_temple_entry_mini_moons

Skill      XL: |  1  2  3  4  5 |
---------------+----------------+-----
Ranged Weapons | 3 4 |  4.1
Spellcasting   | 2 3 |  3.0
Fighting       | |  1.0
Dodging        | |  2.0
Hexes          | |  3.0

Action                     |  1- 3 |  4- 6 || total
---------------------------+-------+-------++-------
   Fire: Sling             |    72 |    87 ||   159
   Cast: Slow              |    12 |    12 ||    24
    Use: Scroll            |     4 |     7 ||    11
 Armour: Skin              |     4 |     2 ||     6
  Dodge: Dodged            |    23 |    36 ||    59

Table legend: (Time is in decaauts)
 A = Elapsed time spent in this place.
 B = Non-inter-level travel time spent in this place.
 C = Inter-level travel time spent in this place.
 D = Time resting spent in this place.
 E = Time spent auto-exploring this place.
 F = Levels seen in this place.
 G = Mean time per level.
                   A        B        C        D        E       F      G
               +--------+--------+--------+--------+--------+-----+--------+
         Total |   2259 |   2131 |    128 |    315 |   1389 |   4 |  564.8 |
       Dungeon |   2259 |   2131 |    128 |    315 |   1389 |   4 |  564.8 |
               +--------+--------+--------+--------+--------+-----+--------+

Top non-repeatable levels by time:
     D:1: 894 daAuts
     D:2: 793 daAuts
     D:3: 467 daAuts
     D:4: 105 daAuts
